 Dungeon Crawl Stone Soup version 0.31-a0-1025-g2e47921a08 (webtiles) character file.

Game seed: 15247714933046961165

7 Azuregosa the Sneak (level 2, 21/21 HPs)
             Began as an Octopode Delver on Nov 17, 2023.
             Was an Initiate of Fedhas.
             Quit the game on level 5 of the Dungeon.
             The game lasted 00:01:29 (154 turns).

Azuregosa the Sneak (Octopode Delver)                Turns: 154, Time: 00:01:29

Health: 21/21      AC:  1    Str: 11    XL:     2   Next: 0%
Magic:  2/2        EV: 13    Int: 12    God:    Fedhas [......]
Gold:   17         SH:  0    Dex: 13    Spells: 1/1 levels left

rFire   . . .        a - +0 spear
rCold   . . .        (no shield)
rNeg    . . .        (helmet restricted)
rPois   .            (no amulet)
rElec   .            (no ring)
rCorr   .            (no ring)
SInv    .            (no ring)
Will    .....        (no ring)
Stlth   ++++         (no ring)
HPRegen 0.23/turn    (no ring)
MPRegen 0.08/turn    (no ring)
                     (no ring)

%: no passive effects
@: no status effects
A: almost no armour, amphibious, 8 rings, camouflage 1, gelatinous body 1,
(nimble swimmer 1), tentacles
a: Renounce Religion


You were on level 5 of the Dungeon.
You worshipped Fedhas.
Fedhas was noncommittal.
You visited 1 branch of the dungeon, and saw 3 of its levels.

You collected 17 gold pieces.

Inventory:

Hand Weapons
 a - a +0 spear (weapon)
Wands
 f - a wand of digging (3)
Scrolls
 b - a scroll of fog
 d - a scroll of fear
Potions
 e - a potion of haste


   Skills:
 - Level 3.0 Fighting
 - Level 2.0 Polearms
 - Level 2.0 Dodging
 + Level 7.1 Stealth


You had one spell level left.
You didn't know any spells.
Your spell library contained the following spells:

 Spells                   Type           Power      Damage    Failure   Level
 Tukima's Dance           Hex            0%         N/A       69%         3
 Dimensional Bullseye     Hex/Tloc       0%         N/A       97%         4
 Iskenderun's Mystic Bla  Conj/Tloc      0%         2d3       97%         4


Dungeon Overview and Level Annotations

Branches:
Dungeon (6/15)
 Temple: D:4-7

Altars:
Fedhas


Innate Abilities, Weirdness & Mutations

You cannot wear most types of armour.
You are amphibious.
You can wear up to eight rings at the same time.
Your skin changes colour to match your surroundings (Stealth+).
Your rubbery body absorbs attacks. (AC +1, EV +1)
((You are camouflaged when in or above water. (Stealth+)))
You have tentacles for arms and can constrict up to eight enemies at once.


Message History

Found a puce potion.
The white imp gestures at you. The puff of frost misses you.
You barely miss the white imp. You grab the white imp.
You squeeze the white imp.
The white imp is heavily wounded.
You constrict the white imp, but do no damage.
The white imp gestures at you. The puff of frost hits you!
Ouch! That really hurt!
You hit the white imp but do no damage.
The white imp is heavily wounded.
You constrict the white imp. The white imp barely misses you.
You hit the white imp.
You kill the white imp!
Your Stealth skill increases to level 7!
You have reached level 2!
There is a stone staircase leading up here.
You start resting.
An orc wizard is nearby!
You climb upwards.
There is a stone staircase leading down here.
You start resting.
HP restored.
Found a blossoming altar of Fedhas.
There is a blossoming altar of Fedhas here.
You curl up in front of the altar of Fedhas.
Fedhas welcomes you!
The plants of the dungeon cease their hostilities.
There is a stone staircase leading down here.
You climb downwards.
There is a stone staircase leading up here.
There is a stone staircase leading up here.
Found a book of Weapons.
You pick up a book of Weapons and begin reading...
You add the spells Tukima's Dance, Dimensional Bullseye and Iskenderun's Mystic Blast to your library.
Okay, then.
Unknown command.
Unknown command.
Are you sure you want to abandon this character and quit the game? (Confirm with "yes".)

#.#...#
#.....#
#.....#
#.....###
#........
#.....####
#........#
#@.......#
#........#
.....####...#
...#### #...#
... #...# ..
#...# .
##...# #....+
#....#


There were no monsters in sight!

Vanquished Creatures
  A white imp (D:5)
1 creature vanquished.

Notes
Turn   | Place    | Note
-------+----------+-------------------------------------------
     0 | D:5      | Azuregosa the Octopode Delver began the quest for the Orb.
     0 | D:5      | Reached XP level 1. HP: 16/16 MP: 1/1
    32 | D:5      | Noticed an orc wizard
    33 | D:5      | Noticed an orc wizard
    47 | D:5      | Reached skill level 7 in Stealth
    47 | D:5      | Reached XP level 2. HP: 9/21 MP: 2/2
    98 | D:4      | Found a blossoming altar of Fedhas.
   106 | D:4      | Became a worshipper of Fedhas Madash
   154 | D:5      | Quit the game

Illustrated notes

Levels and vault maps discovered:
D:4:      layout_cave_pools, tgw_trog, nicolae_overflow_hidden_temple
D:5:      layout_basic, uniq_edmund
D:6:      layout_loops_ring, enter_ossuary_2, gammafunk_ghost_cemetery,
          dk_noncrumbling_4

Skill      XL: |  1 |
---------------+----+-----
Stealth        | 7 |  7.1
Fighting       | |  3.0
Polearms       | |  2.0
Dodging        | |  2.0

Action                     || total
---------------------------++-------
  Melee: Spear             ||     3
         Constrict         ||     1
         Tentacles         ||     1
    Use: Scroll            ||     1
 Armour: Skin              ||     1
  Dodge: Dodged            ||     2

Table legend: (Time is in decaauts)
 A = Elapsed time spent in this place.
 B = Non-inter-level travel time spent in this place.
 C = Inter-level travel time spent in this place.
 D = Time resting spent in this place.
 E = Time spent auto-exploring this place.
 F = Levels seen in this place.
 G = Mean time per level.
                   A        B        C        D        E       F      G
               +--------+--------+--------+--------+--------+-----+--------+
         Total |    154 |    154 |      0 |     47 |      0 |   3 |   51.3 |
       Dungeon |    154 |    154 |      0 |     47 |      0 |   3 |   51.3 |
               +--------+--------+--------+--------+--------+-----+--------+

Top non-repeatable levels by time:
     D:5: 91 daAuts
     D:4: 60 daAuts
     D:6: 2 daAuts
